 Dungeon Crawl Stone Soup version 0.25-a0-160-gd1d2e81aba (webtiles) character file.

Game seed: 16183879172216154580, levelgen mode: deterministic

262 MrRokkomies the Vexing (level 5, 0/35 HPs)
             Began as a Vampire Enchanter on Nov 21, 2019.
             Was a Follower of Sif Muna.
             Slain by a gnoll
             ... wielding a +0 club
              (6 damage)
             ... on level 4 of the Dungeon.
             The game lasted 00:08:54 (2644 turns).

MrRokkomies the Vexing (Vampire Enchanter)          Turns: 2644, Time: 00:08:55

Health: 0/35       AC:  2    Str:  7    XL:     5   Next: 97%
Magic:  17/17      EV: 13    Int: 18    God:    Sif Muna [*.....]
Gold:   236        SH:  0    Dex: 15    Spells: 2/8 levels left

rFire    . . .     SeeInvis +   a - +1 dagger (vamp)
rCold    . . .     Gourm    .   (no shield)
rNeg     . . .     Faith    .   r - +0 robe (curse)
rPois    +         Spirit   .   (no helmet)
rElec    .         Reflect  .   (no cloak)
rCorr    .         Harm     .   (no gloves)
MR       .....                  (no boots)
Stlth    +++.......             (no amulet)
HPRegen  0.31/turn              m - ring of magical power
MPRegen  0.15/turn              u - ring of poison resistance

@: regenerating quickly
A: no food, fangs 3, see invisible, unbreathing
a: Exsanguinate, Channel Magic, Renounce Religion


You were on level 4 of the Dungeon.
You worshipped Sif Muna.
Sif Muna was aware of your devotion.
You were alive.

You visited 1 branch of the dungeon, and saw 4 of its levels.

You collected 236 gold pieces.

Inventory:

Hand Weapons
 a - a +1 vampiric dagger (weapon)
Missiles
 c - 89 stones
 k - 2 curare-tipped darts
 o - a throwing net
 q - 14 poisoned darts (quivered)
Armour
 b - a +0 robe
 g - a +1 ring mail
 r - a cursed +0 robe (worn)
Jewellery
 i - an uncursed ring of resist corrosion
 m - a ring of magical power (left hand)
 u - a ring of poison resistance (right hand)
Scrolls
 l - a scroll of immolation
 s - a scroll of enchant armour
Potions
 d - 2 potions of berserk rage
 e - a potion of invisibility
 f - a potion of flight {unknown}
 h - a potion of brilliance {unknown}
 j - a potion of might {unknown}
 n - a potion of agility {unknown}
 p - a potion of degeneration {unknown}


   Skills:
 * Level 4.0 Short Blades
 - Level 2.1 Dodging
 + Level 5.8 Stealth
 - Level 2.0 Spellcasting
 * Level 6.7 Hexes
 + Level 1.5 Invocations


You had 2 spell levels left.
You knew the following spells:

 Your Spells              Type           Power        Failure   Level  Hunger
a - Corona                Hex            ####...      1%          1    N/A
b - Ensorcelled Hibernat  Hex/Ice        ##....       7%          2    N/A
c - Confuse               Hex            ####....     3%          3    N/A

Your spell library contained the following spells:

 Spells                   Type           Power        Failure   Level  Hunger
 Tukima's Dance           Hex            ####....     3%          3    N/A
 Dazzling Spray           Conj/Hex       ##....       14%         3    N/A

Dungeon Overview and Level Annotations

Branches:
Dungeon (4/15)             Temple (0/1) D:4

Altars:
Dithmenos
Elyvilon
Sif Muna
Uskayaw
Zin
The Shining One

Shops:
D:4 }*


Innate Abilities, Weirdness & Mutations

You do not eat.
Your natural rate of healing is unusually fast.
You have razor-sharp teeth.
You have supernaturally acute eyesight. (SInv)
You can survive without breathing.


Message History

t - a scroll labeled FAESOJ YHOAWAA
u - a glowing ivory ring
u - a ring of poison resistance (right hand) 2 gnolls come into view.
A gnoll is wielding a +0 vampiric halberd.
A gnoll comes into view. It is wielding a +0 flail.
The gnoll shouts! x2
The gnoll misses you.
The gnoll hits you from afar with a +0 vampiric halberd.
You barely miss the gnoll. The gnoll hits you with a +0 flail!
The gnoll hits you with a +0 club!
The gnoll hits you from afar with a +0 vampiric halberd!
* * * LOW HITPOINT WARNING * * *
Okay, then.
Unknown command.
As you read the scroll labeled FAESOJ YHOAWAA, it crumbles to dust.
It is a scroll of enchant weapon.
Your +0 vampiric dagger glows red for a moment.
The gnoll hits you with a +0 club.
You die...

#......
############......
#.................
#.##########......
#.# ####### #.# #
#.# #...# #.#
#....# #@##..#..#
#g#..##..#
#.#..###..
#g#..###.. #g#g.##
#...g# #...##
#..## ####


You could see 3 gnolls.

Vanquished Creatures
  Sigmund (D:2)
  5 adders
  An ooze (D:2)
  A worm (D:3)
  2 dart slugs (D:1)
  2 leopard geckos
  3 orcs (D:3)
  6 bats
  3 giant cockroaches
  2 goblins
  2 hobgoblins (D:1)
  A frilled lizard (D:2)
  5 kobolds
  4 rats
38 creatures vanquished.

Notes
Turn   | Place    | Note
-------+----------+-------------------------------------------
     0 | D:1      | MrRokkomies the Vampire Enchanter began the quest for the
                  | Orb.
     0 | D:1      | Reached XP level 1. HP: 13/13 MP: 3/3
   364 | D:1      | Reached XP level 2. HP: 12/19 MP: 5/5
   545 | D:1      | Reached skill level 5 in Hexes
   710 | D:2      | Found a shimmering blue altar of Sif Muna.
   735 | D:2      | Became a worshipper of Sif Muna the Loreminder
   802 | D:2      | Reached XP level 3. HP: 8/24 MP: 4/6
   837 | D:2      | Learned a level 2 spell: Ensorcelled Hibernation
   841 | D:2      | Learned a level 3 spell: Confuse
   889 | D:2      | Found a glowing golden altar of the Shining One.
  1010 | D:2      | Reached skill level 5 in Stealth
  1011 | D:2      | Noticed Sigmund
  1067 | D:2      | Killed Sigmund
  1067 | D:2      | Reached skill level 6 in Hexes
  1067 | D:2      | Reached skill level 1 in Invocations
  1067 | D:2      | Reached XP level 4. HP: 30/30 MP: 2/7
  1067 | D:2      | Reached XP level 5. HP: 35/35 MP: 2/8
  1131 | D:2      | Found a glowing silver altar of Zin.
  1133 | D:2      | Found a white marble altar of Elyvilon.
  1142 | D:2      | Found a hide-covered altar of Uskayaw.
  1909 | D:3      | Reached * piety under Sif Muna
  1947 | D:3      | Found a faded altar of an unknown god.
  2225 | D:4      | Found Ratumex's Retail Resort.
  2455 | D:4      | Found Howej's Gadget Emporium.
  2523 | D:4      | Found a shadowy altar of Dithmenos.
  2528 | D:4      | Found a staircase to the Ecumenical Temple.
  2644 | D:4      | Slain by a gnoll

Levels and vault maps discovered:
D:1:      roderic_crop_circles_arrival_small, layout_basic
D:2:      layout_loops_cross, gammafunk_temple_overflow_forgotten,
          lemuel_doored_altar, old_standard_altar, uniq_sigmund
D:3:      layout_basic, chequers_ecumenical_altar_simple_redux, first_ration,
          minmay_misc_feat_enclosed, kennysheep_generic_room_9
D:4:      layout_basic, grunt_dithmenos_smoke, temple_statues, serial_shops,
          nicolae_shop_competitors_out_of_business, hangedman_glass_teeth,
          nicolae_alphabet_shops, uniq_ijyb

Skill      XL: |  1  2  3  4  5 |
---------------+----------------+-----
Hexes          | 5 6 |  6.7
Short Blades   | 2 3 4 |  4.0
Stealth        | 5 |  5.8
Invocations    | 1 |  1.5
Dodging        | |  2.1
Spellcasting   | |  2.0

Action                   |  1- 3 |  4- 6 || total
-------------------------+-------+-------++-------
Melee: Dagger            |   109 |    75 ||   184
       Bite              |     5 |     6 ||    11
 Cast: Corona            |     1 |       ||     1
       Ensorcelled Hiber |     1 |    13 ||    14
       Confuse           |     1 |     1 ||     2
  Use: Scroll            |     3 |     7 ||    10
 Stab: Sleeping          |     9 |    10 ||    19
       Confused          |     2 |     1 ||     3
Armor: Robe              |     7 |     3 ||    10
       Ring mail         |    20 |    12 ||    32
Dodge: Dodged            |    53 |    38 ||    91

Table legend:
 A = Non-vault XP
 B = Vault XP
 C = Vault XP percentage of total XP
 D = Non-vault monster count
 E = Vault monster count
 F = Vault count percentage of total count
                 A         B        C        D         E       F
            +---------+---------+-------+---------+---------+-------
      Total |     137 |     238 |  63.5 |      37 |       1 |   2.6
            +---------+---------+-------+---------+---------+-------
        D:1 |      25 |       0 |   0.0 |      12 |       0 |   0.0
        D:2 |      52 |     238 |  82.1 |      13 |       1 |   7.1
        D:3 |      33 |       0 |   0.0 |      10 |       0 |   0.0
        D:4 |      27 |       0 |   0.0 |       2 |       0 |   0.0
            +---------+---------+-------+---------+---------+-------
